 Dungeon Crawl Stone Soup version 0.18-a0-1539-g1c7284a (webtiles) character file.

1780 ololoev the Cudgeler (level 8, -3/56 HPs)
             Began as a Mummy Wanderer on Mar 9, 2016.
             Was a Follower of Kikubaaqudgha.
             Slain by Pikel
             ... wielding a +0 whip of electrocution
              (17 damage)
             ... on level 5 of the Dungeon.
             The game lasted 00:21:48 (8190 turns).

ololoev the Cudgeler (Mummy Wanderer)               Turns: 8190, Time: 00:21:49

Health: -3/56      AC: 12    Str: 17    XL:     8   Next: 81%
Magic:  8/8        EV:  5    Int: 16    God:    Kikubaaqudgha [*.....]
Gold:   136        SH: 10    Dex: 14    Spells: 1 memorised, 6 levels left

rFire  . . .     SeeInvis .     u - +5 trident "Toheph" {venom, Fragile +Fly rPois Int+3}
rCold  + + .     Gourm    .     i - +0 chain mail
rNeg   + + +     Faith    .     t - +2 shield of Resistance {rF+ rC+ MR+}
rPois  ∞         Spirit   .     d - +0 helmet
rElec  .         Dismiss  .     (no cloak)
rCorr  .         Reflect  .     l - +0 pair of gloves
SustAt .         Harm     .     n - +0 pair of boots
MR     ++...                    (no amulet)
Stlth  ..........               (no ring)
                                h - +4 ring of dexterity

@: very resistant to hostile enchantments, extremely unstealthy
A: no food or potions, fire vulnerability, cold resistance 1, negative energy
resistance 3, torment resistance, unbreathing
a: Receive Corpses, Renounce Religion, Evoke Flight


Innate Abilities, Weirdness & Mutations

You do not eat or drink.
Your flesh is vulnerable to fire.
You are immune to poison.
Your flesh is cold resistant.
You are immune to negative energy.
You are immune to unholy pain and torment.
You can survive without breathing.

Inventory:

Hand Weapons
 e - a +2 whip of pain
 r - the +6 trident "Ceokumim" {pierce, *Rage rF+++ Int-5 Dex+9}
   (You bought it in a shop on level 6 of the Dungeon)

   It inflicts extra damage upon your enemies.
   It affects your intelligence (-5).
   It affects your dexterity (+9).
   It renders you almost immune to fire.
   It may make you go berserk in combat.
 u - the +5 trident "Toheph" (weapon) {venom, Fragile +Fly rPois Int+3}
   (You found it on level 7 of the Dungeon)

   It poisons the flesh of those it strikes.
   It affects your intelligence (+3).
   It protects you from poison.
   It lets you fly.
   It will be destroyed if unequipped.
Missiles
 q - a throwing net (quivered)
Armour
 d - a +0 helmet (worn)
 i - a +0 chain mail (worn)
 l - a +0 pair of gloves (worn)
 n - a +0 pair of boots (worn)
 t - the +2 shield of Resistance (worn) {rF+ rC+ MR+}
   (You took it off a gnoll on level 7 of the Dungeon)

   It protects you from fire.
   It protects you from cold.
   It affects your resistance to hostile enchantments.
Jewellery
 h - a +4 ring of dexterity (left hand)
Wands
 s - a wand of disintegration (9/24)
Scrolls
 a - a scroll of recharging
 b - 2 scrolls of teleportation
 c - 2 scrolls of amnesia
 f - 2 scrolls of identify
 g - 7 scrolls of remove curse
 j - a scroll of blinking
 k - a scroll of fog
 m - a scroll of magic mapping
 o - a scroll of enchant armour
Books
 p - Kikubaaqudgha's Handbook of Unholy Arts
   (Kikubaaqudgha gifted it to you on level 7 of the Dungeon)

   Spells                             Type                      Level
   a - Animate Skeleton               Necromancy                   1
   b - Pain                           Necromancy                   1
   c - Corpse Rot                     Necromancy                   2
   d - Vampiric Draining              Necromancy                   3
   e - Control Undead                 Necromancy                   4


   Skills:
 - Level 2.0 Fighting
 * Level 6.5 Maces & Flails
 - Level 1.7 Polearms
 - Level 1.0 Throwing
 + Level 4.0 Armour
 - Level 3.1 Dodging
 - Level 1.5 Stealth
 + Level 1.2 Shields
 * Level 5.3 Necromancy


You had 6 spell levels left.
You knew the following spells:

 Your Spells              Type           Power        Failure   Level  Hunger
a - Animate Skeleton      Necr           N/A          100%        1    N/A


You were on level 5 of the Dungeon.
You worshipped Kikubaaqudgha.
Kikubaaqudgha was aware of your devotion.
You were not hungry.

You visited 2 branches of the dungeon, and saw 9 of its levels.

You collected 340 gold pieces.
You spent 204 gold pieces at shops.

###......###+###.....##'##.......
#>.......#...#...................
#........#...#...................
#........#...#...................
#........#...#..........(........
#........#...#...................
#........'...#...................
#........#...#.p.................
#........#####.K@................
...###'#.......##'########.......
...#...#.......#.....# #.......
...#...#.......#.....# #.......
...'...#.......#.....# #.......
...#...#.......####### ########
...#...#......... #
########.......... #
.......#.......... #

Notes
Turn   | Place    | Note
--------------------------------------------------------------
     0 | D:1      | ololoev the Mummy Wanderer began the quest for the Orb.
     0 | D:1      | ololoev set off with: a +2 spear, 2 scrolls of teleportation, a +0 robe, a +0 dagger
     0 | D:1      | Reached XP level 1. HP: 16/16 MP: 1/1
    37 | D:1      | Goblin1989: привет. :)
    41 | D:1      | ololoev: yo
   147 | D:1      | Reached skill level 1 in Maces & Flails
   176 | D:1      | Reached XP level 2. HP: 22/22 MP: 2/2
   656 | D:1      | Goblin1989: Wn - это кто?
   667 | D:1      | ololoev: вандерер
   694 | D:1      | Reached skill level 2 in Maces & Flails
   830 | D:1      | Reached XP level 3. HP: 27/27 MP: 3/3
  1165 | D:2      | Found a shimmering altar of Xom.
  1519 | D:2      | Found a snail-covered altar of Cheibriados.
  1594 | D:2      | Goblin1989: Какой-то воин непонятный, короче.
  1594 | D:2      | Reached XP level 4. HP: 33/33 MP: 4/4
  1596 | D:2      | ololoev: это случайный бэк
  1605 | D:2      | Reached skill level 3 in Maces & Flails
  1631 | D:2      | Found a shattered altar of Ashenzari.
  2227 | D:3      | Goblin1989: на вики есть страница про скорости прокачки пенсонажей? Ну ты помнится говорил что у демигуда -2, а у хумана +2.
  2227 | D:3      | ololoev: это дефе говорил
  2227 | D:3      | ololoev: на вики есть, да
  2374 | D:3      | Goblin1989: а как ее искать, что это такое вообще?
  2443 | D:3      | Goblin1989: ключевое слово
  2443 | D:3      | ololoev: XP aptitude
  2443 | D:3      | ololoev: http://crawl.chaosforge.org/Human#Innate_Abilities - внизу таблицы у хумана +1
  2443 | D:3      | ololoev: http://crawl.chaosforge.org/Demigod#Skill_aptitudes - у демигода -2
  2852 | D:3      | Reached XP level 5. HP: 31/38 MP: 5/5
  3000 | D:3      | Found a bloodstained altar of Trog.
  3183 | D:3      | Reached skill level 4 in Maces & Flails
  3183 | D:3      | Reached skill level 1 in Armour
  3516 | D:3      | Reached XP level 6. HP: 35/44 MP: 6/6
  3879 | D:5      | Entered Level 5 of the Dungeon
  3908 | D:5      | Noticed a slave
  3912 | D:5      | Noticed Pikel
  3925 | D:5      | Goblin1989: а у гаргульи 0
  3927 | D:4      | Goblin1989: разобрался
  3927 | D:4      | Goblin1989: хь
  3927 | D:4      | Goblin1989: хм
  3927 | D:4      | Goblin1989: у минотавра как и у демонспавна -1, но демонспавном играть на порядок по моим ощущениям сложнее
  3927 | D:4      | Goblin1989: особено в мидгейме
  3946 | D:4      | Killed a slave
  4100 | D:5      | Found a staircase to the Ecumenical Temple.
  4107 | D:5      | Noticed PeterLawrence's ghost (novice GrFi)
  4109 | Temple   | Entered the Ecumenical Temple
  4204 | Temple   | Became a worshipper of Kikubaaqudgha
  4634 | D:5      | Goblin1989: в некромантию будешь переходить?
  4635 | D:5      | ololoev: да
  4702 | D:5      | Noticed a slave
  4703 | D:5      | Noticed a slave
  4733 | D:5      | Noticed a slave
  5178 | D:6      | Reached skill level 1 in Necromancy
  5346 | D:6      | Reached skill level 5 in Maces & Flails
  5346 | D:6      | Reached XP level 7. HP: 23/50 MP: 7/7
  5664 | D:6      | Goblin1989: а кику дает доступ ко всем спеллам некромантии, или гарантирует он только некрономикон?
  5664 | D:6      | ololoev: только некрономикон
  5664 | D:6      | Goblin1989: остальное как получится?
  5664 | D:6      | ololoev: там обычно идут книги, где на каждый спелл по 2-3 претендента
  5664 | D:6      | ololoev: вот что из этих 2 или 3х выпадет с тем тебе и жить
  5701 | D:6      | Found Nuacaut's Antique Weapon Boutique.
  5708 | D:6      | Goblin1989: примерно понял
  5708 | D:6      | Goblin1989: о
  5708 | D:6      | Bought a polished trident for 204 gold pieces
  5708 | D:6      | Identified the +6 trident "Ceokumim" {pierce, *Rage rF+++ Int-5 Dex+9} (You bought it in a shop on level 6 of the Dungeon)
  5710 | D:6      | ololoev: хмм
  5710 | D:6      | Goblin1989: прикольно
  5710 | D:6      | ololoev: инты вообще не будет
  5710 | D:6      | ololoev: но пока сойдет
  5909 | D:6      | Goblin1989: он вызывает берсерк, которому мумия не подвержена. %)
  6035 | D:6      | Goblin1989: 1,2 задержка кстати. Не критично?ъ
  6041 | D:6      | ololoev: пока что норм
  6041 | D:6      | ololoev: скоро на плетку перейду, вот только некру до 8-10 догоню
  6213 | D:7      | Noticed a hippogriff
  6229 | D:7      | Killed a hippogriff
  6229 | D:7      | Reached XP level 8. HP: 43/56 MP: 8/8
  6249 | D:7      | Reached * piety under Kikubaaqudgha
  6249 | D:7      | Received a gift from Kikubaaqudgha
  6250 | D:7      | Identified Kikubaaqudgha's Handbook of Unholy Arts (Kikubaaqudgha gifted it to you on level 7 of the Dungeon)
  6256 | D:7      | Learned a level 1 spell: Animate Skeleton
  6749 | D:7      | Reached skill level 6 in Maces & Flails
  7177 | D:7      | ololoev: ох лол!!!
  7177 | D:7      | ololoev: ОХ ЛОЛ!!!
  7478 | D:7      | Reached skill level 1 in Shields
  7478 | D:7      | Reached skill level 5 in Necromancy
  7481 | D:7      | Got a crude trident
  7482 | D:7      | Identified the +5 trident "Toheph" {venom, Fragile +Fly rPois Int+3} (You found it on level 7 of the Dungeon)
  7722 | D:8      | Found a sacrificial altar of Ru.
  7723 | D:8      | Found a burning altar of Makhleb.
  7724 | D:8      | Found a deep blue altar of Sif Muna.
  7724 | D:8      | Found a white marble altar of Elyvilon.
  7724 | D:8      | Found an iron altar of Okawaru.
  7725 | D:8      | Found a sparkling altar of Nemelex Xobeh.
  7726 | D:8      | Found a radiant altar of Vehumet.
  7728 | D:8      | Found a basalt altar of Yredelemnul.
  7979 | D:8      | Noticed PeterLawrence's ghost (novice GrFi)
  8190 | D:5      | Slain by Pikel

Dungeon Overview and Level Annotations

Branches:
Dungeon (8/15)             Temple (1/1) D:5
   Lair: D:8-11

Altars:
Ashenzari
Cheibriados
Elyvilon
Fedhas
Gozag
Kikubaaqudgha
Makhleb
Nemelex Xobeh
Okawaru
Pakellas
Qazlal
Ru
Sif Muna
Trog
Vehumet
Xom
Yredelemnul
Zin

Shops:
D:6 (

Annotations:
D:5 PeterLawrence's ghost, novice GrFi; Pikel
D:8 PeterLawrence's ghost, novice GrFi


Message History

Your shield and chain mail prevent you from hitting the slave.
The slave is heavily wounded.
The slave hits you but does no damage.
You hit the slave.
The slave looks even sicker.
The slave is severely wounded.
You block the slave's attack.
You puncture the slave!
You kill the slave!
That felt strangely unrewarding.
No target in view!
The slave shouts!
You see here an animal skin.
Attack whom?
Press: ? - help, Dir - move target cursor, f - slave
Aim: a slave, wearing an animal skin You reach to attack!
You closely miss the slave.
Pikel shouts!
You completely miss the slave. The slave hits you.
You barely miss the slave. You block the slave's attack.
You closely miss the slave. The slave barely misses you.
The slave completely misses you.
You closely miss Pikel.
Pikel hits you with a whip of electrocution!
You are electrocuted!
You block the slave's attack.
You see here an animal skin.
Your chain mail prevents you from hitting Pikel.
Pikel hits you with a whip of electrocution.
You block Pikel's attack.
Your chain mail prevents you from hitting Pikel.
The slave hits you but does no damage. Pikel hits you but does no damage.
The slave hits you but does no damage.
You puncture Pikel!
Pikel is poisoned.
Pikel is moderately wounded.
Pikel hits you but does no damage.
You are electrocuted!
The slave hits you.
You closely miss Pikel.
Pikel is moderately wounded.
You block Pikel's attack. The slave hits you but does no damage.
Pikel hits you but does no damage.
You are electrocuted!
You die...
Kikubaaqudgha rasps: "You have failed me!
Welcome... oblivion!"

You could see Pikel and a slave.

Vanquished Creatures
  A hippogriff (D:7)
  3 slaves
  An ice beast (D:7)
  An orc warrior (D:7)
  4 phantoms
  A giant frog (D:6)
  2 scorpions
  2 howler monkeys (D:6)
  2 jellies
  3 crimson imps
  4 hounds
  A gnoll shaman (D:7)
  2 iguanas (D:6)
  5 orc wizards
  2 worker ants
  4 worker ant zombies
  10 gnolls (D:7)
  6 adders
  3 shadow imps
  An ooze (D:2)
  2 dart slugs
  8 giant geckos
  9 orcs
  5 giant cockroaches
  9 goblins
  7 hobgoblins
  14 jackals
  7 kobolds
  4 quokkas
  12 bats
  6 giant newts
  8 rats
149 creatures vanquished.

Action                   |  1- 3 |  4- 6 |  7- 9 || total
-------------------------+-------+-------+-------++-------
Melee: Spear             |   156 |   350 |   104 ||   610
       Whip              |    12 |       |       ||    12
       Trident           |       |       |   223 ||   223
Throw: Throwing net      |       |       |     2 ||     2
 Cast: Animate Skeleton  |       |       |     7 ||     7
Evoke: Wand              |       |     3 |       ||     3
  Use: Scroll            |       |       |    11 ||    11
 Stab: Sleeping          |     3 |       |       ||     3
       Held in net/web   |       |       |     2 ||     2

Vault maps used:
D:1:      sevenhm_arrival_forest_fort_small_4
D:2:      lemuel_doored_altar, nicolae_overflow_crystal_walls, ashenzari_altar_1
D:3:      nicolae_overflow_hidden_temple, first_bread
D:4:      corexii_shack, hangedman_decor_growths
D:5:      minmay_temple_entry_large_hall, uniq_pikel
D:6:      serial_shops, nicolae_shop_stone, kennysheep_small_square
D:8:      minitemple, the_bakery, lemuel_oklob_altar
Temple:   hc_temple_tempest_star_small
